 Dungeon Crawl Stone Soup version 0.27-a0-795-ge5c3fa52fd (webtiles) character file.

Game seed: 15509455711355131023

21 Froggeryz the Ducker (level 2, -3/14 HPs)
             Began as a Felid Chaos Knight on Mar 27, 2021.
             Was an Initiate of Gozag.
             Slain by an adder (4 damage)
             ... on level 1 of the Dungeon.
             The game lasted 00:01:31 (1225 turns).

Froggeryz the Ducker (Felid Chaos Knight)           Turns: 1225, Time: 00:01:32

Health: -3/14      AC:  1    Str:  8      XL:     2   Next: 62%
Magic:  3/3        EV: 18    Int: 12 (13) God:    Gozag
Gold:   114        SH:  0    Dex: 14 (15) Spells: 1/1 levels left
                                        Lives:  0   Deaths: 0

rFire    . . .     SeeInvis +     - Unarmed
rCold    . . .     Faith    .   (shield unavailable)
rNeg     . . .     Spirit   .   (armour unavailable)
rPois    .         Reflect  .   (helmet unavailable)
rElec    .         Harm     .   (cloak unavailable)
rCorr    .         Rampage  .   (gloves unavailable)
Will     .....                  (boots unavailable)
Stlth    ++........             (no amulet)
HPRegen  0.04/turn              (no ring)
MPRegen  0.08/turn              (no ring)

@: lethally poisoned (-3 -> -18), quick
A: very small, claws 1, fangs 3, see invisible, speed 1, shaggy fur 1, stealthy
paws, no weapons or thrown items, no armour, multi-lived, deterioration 1
a: Renounce Religion, Potion Petition, Call Merchant, Bribe Branch


You were on level 1 of the Dungeon.
You worshipped Gozag.
Gozag was aware of your devotion.
You visited 1 branch of the dungeon, and saw 2 of its levels.

You collected 114 gold pieces.

Inventory:

Scrolls
 b - a scroll of enchant armour {unknown}
 c - a scroll of noise {unknown}
Potions
 a - a potion of flight


   Skills:
 - Level 3.0 Fighting
 + Level 3.7 Dodging
 * Level 3.7 Unarmed Combat


You had one spell level left.
You didn't know any spells.
Your spell library was empty.

Dungeon Overview and Level Annotations

Branches:
Dungeon (2/15)

Altars:
Gozag


Innate Abilities, Weirdness & Mutations

You have sharp claws.
You have razor-sharp teeth.
You have supernaturally acute eyesight. (SInv)
You cover ground quickly. (Speed+)
You are covered in fur. (AC +1)
Your stealthy paws help you sneak and pounce on unaware monsters.
You are incapable of wielding weapons or throwing items.
You cannot wear armour.
You gain extra lives every three experience levels.
Your body sometimes deteriorates upon taking damage.


Message History

You closely miss the adder.
The adder is heavily wounded.
The adder completely misses you.
You barely miss the adder. Your bite misses the adder.
The adder is heavily wounded.
The adder closely misses you. x2
You closely miss the adder.
The adder is heavily wounded.
The adder misses you.
You barely miss the adder. Your bite misses the adder.
The adder is heavily wounded.
The adder bites you.
* * * LOW HITPOINT WARNING * * *
You are lethally poisoned!
The adder poisons you!
It was a potion of curing.
You feel better. The adder completely misses you.
You scratch the adder.
The adder is heavily wounded.
The adder completely misses you. The adder bites you.
You scratch the adder. Your bite misses the adder.
The adder is severely wounded.
The adder misses you.
You miss the adder.
The adder is severely wounded.
The adder misses you. The adder barely misses you.
You climb upwards.
There is a stone staircase leading down here.
You closely miss the adder.
The adder is severely wounded.
The adder bites you.
* * * LOW HITPOINT WARNING * * *
You scratch the adder.
The adder is almost dead.
The adder bites you.
* * * LOW HITPOINT WARNING * * *
You are lethally poisoned!
The adder poisons you! The adder bites you.
You die...
Your body crumbles into a pile of gold.

######....#
##..(...........#
#....#
#...............#
#....#
#...............#
######
#...............#
#....############
####.#..#
#.......#
#.####S.#
#...#..@#
###.#.### #...#
#####


You could see an adder.

Vanquished Creatures
  A bat (D:1)
  A giant cockroach (D:1)
  2 hobgoblins
  6 jackals (D:2)
  A quokka (D:1)
  A frilled lizard (D:2)
  2 kobolds (D:2)
  4 rats
18 creatures vanquished.

Notes
Turn   | Place    | Note
-------+----------+-------------------------------------------
     0 | D:1      | Froggeryz the Felid Chaos Knight began the quest for the
                  | Orb.
     0 | D:1      | Reached XP level 1. HP: 10/10 MP: 2/2
   531 | D:2      | XOM: potion effect (might)
   536 | D:2      | Reached XP level 2. HP: 14/14 MP: 3/3
   536 | D:2      | Found a faded altar of an unknown god.
   585 | D:2      | Fell from the grace of Xom
   585 | D:2      | Became a worshipper of Gozag Ym Sagoz the Greedy
  1062 | D:2      | XOM: give mutations
  1062 | D:2      | Gained mutation: Your body sometimes deteriorates upon
                  | taking damage. [Xom's mischief]
  1225 | D:1      | Slain by an adder

Illustrated notes

Levels and vault maps discovered:
D:1:      dpeg_arrival_connections, layout_basic
D:2:      layout_basic, chequers_ecumenical_altar_simple, nrook_loot_triangle

Action                   || total
-------------------------++-------
Melee: Unarmed           ||    70
       Bite              ||     5
  Use: Potion            ||     3
Armor: Skin              ||     3
Dodge: Dodged            ||    64

Table legend: (Time is in decaauts)
 A = Elapsed time spent in this place.
 B = Non-inter-level travel time spent in this place.
 C = Inter-level travel time spent in this place.
 D = Time resting spent in this place.
 E = Time spent auto-exploring this place.
 F = Levels seen in this place.
 G = Mean time per level.
                   A        B        C        D        E       F      G
               +--------+--------+--------+--------+--------+-----+--------+
         Total |   1095 |   1092 |      3 |    249 |    620 |   2 |  547.5 |
       Dungeon |   1095 |   1092 |      3 |    249 |    620 |   2 |  547.5 |
               +--------+--------+--------+--------+--------+-----+--------+

Top non-repeatable levels by time:
     D:1: 705 daAuts
     D:2: 390 daAuts
